 Dungeon Crawl Stone Soup version 0.19.0-11-g3fc08b3 (webtiles) character file.

341 Chiseanne the Magician (level 6, 41/41 HPs)
             Began as a Demonspawn Wizard on Nov 9, 2016.
             Quit the game on level 3 of the Dungeon.
             The game lasted 00:09:50 (2782 turns).

Chiseanne the Magician (Demonspawn Wizard)          Turns: 2782, Time: 00:09:51

Health: 41/41      AC:  2    Str:  7    XL:     6   Next: 30%
Magic:  13/13      EV: 12    Int: 21    God:
Gold:   71         SH:  0    Dex: 12    Spells: 1 memorised, 14 levels left

rFire  . . .     SeeInvis .     o - +2 whip (flame)
rCold  . . .     Gourm    .     a - +0 robe
rNeg   . . .     Faith    .     (no shield)
rPois  .         Spirit   .     b - +0 hat
rElec  .         Reflect  .     (no cloak)
rCorr  .         Harm     .     (no gloves)
MR     .....                    (no boots)
Stlth  ++........               (no amulet)
                                (no ring)
                                (no ring)

@: no status effects
A: hooves 1, sanguine armour 2
a: no special abilities


You were on level 3 of the Dungeon.
You were not hungry.

You visited 1 branch of the dungeon, and saw 3 of its levels.

You collected 71 gold pieces.

Inventory:

Hand Weapons
 o - a +2 whip of flaming (weapon)
Missiles
 e - 45 sling bullets
 f - 19 arrows
 h - 84 stones (quivered)
 r - 15 bolts
 u - 4 poisoned needles
Armour
 a - a +0 robe (worn)
 b - a +0 hat (worn)
Jewellery
 q - a cursed ring of teleportation {unknown}
Scrolls
 g - 2 scrolls of remove curse {unknown}
 i - 2 scrolls of recharging {unknown}
 j - a scroll of fear {unknown}
 l - a scroll of enchant armour {unknown}
 t - a scroll of teleportation {unknown}
Potions
 k - a potion of curing {unknown}
 m - a potion of resistance {unknown}
 n - a potion of haste {unknown}
 p - a potion of agility {unknown}
 s - a potion of heal wounds {unknown}
Books
 c - a book of Minor Magic

   Spells                             Type                      Level
   a - Magic Dart                     Conjuration                  1
   b - Blink                          Translocation                2
   c - Call Imp                       Summoning                    2
   d - Repel Missiles                 Charms/Air                   2
   e - Slow                           Hexes                        2
   f - Conjure Flame                  Conjuration/Fire             3
   g - Mephitic Cloud                 Conjuration/Poison/Air       3
Comestibles
 d - a bread ration


   Skills:
 - Level 1.7 Dodging
 - Level 1.7 Stealth
 * Level 5.1 Spellcasting
 * Level 4.6 Conjurations
   Level 1.0 Summonings
   Level 0.8 Translocations


You had 14 spell levels left.
You knew the following spells:

 Your Spells              Type           Power        Failure   Level  Hunger
a - Magic Dart            Conj           ###.         1%          1    None


Dungeon Overview and Level Annotations

Branches:
Dungeon (3/15)

Altars:


Innate Abilities, Weirdness & Mutations

You have large cloven feet.
When seriously injured, your bleeding wounds create thick armour. (AC +0)


Message History

The magic dart hits the rat.
You kill the rat!
Casting: Magic Dart
Confirm with . or Enter, or press ? or * to list all spells.
Aiming: Magic Dart
Press: ? - help, Shift-Dir - straight line, f - you That beam is likely to hit you.
Continue anyway? [Y]es or [N]o only, please.
That beam is likely to hit you.
Continue anyway? [Y]es or [N]o only, please.
That beam is likely to hit you.
Continue anyway?
Okay, then.
Warning: Bad travel_delay: "-1 (or -1 online)" (~/.crawlrc:138) Warning: Bad rest_delay: "-1 (or -1 online)" (~/.crawlrc:140) Welcome back, Chiseanne the Demonspawn Wizard.
Press ? for a list of commands and other information.
You see here a club.
Are you sure you want to abandon this character and quit the game? (Confirm with "yes".)
Okay, then.
Are you sure you want to abandon this character and quit the game? (Confirm with "yes".)

............
#........... #....#
#........... #....#
#. #...........
#....# #.
#........... #....#
#.###...........
#....#
#...............
#....# #........#
#....####.....@.###
#...<#............#
##.###............#
##................#
#..........)......#
#.####............#
#.#...............#
#.#...............#
#......############


There were no monsters in sight!

Vanquished Creatures
  Sigmund (D:2)
  Jessica (D:2)
  Natasha (thrice) (D:2)
  2 adders
  3 worms (D:2)
  4 dart slugs
  4 leopard geckos
  5 hobgoblins
  3 jackals (D:1)
  5 kobolds
  2 ball pythons
  7 bats
  3 frilled lizards
  7 goblins
  5 rats
55 creatures vanquished.

Notes
Turn   | Place    | Note
-------+----------+-------------------------------------------
     0 | D:1      | Chiseanne the Demonspawn Wizard began the quest for the Orb.
     0 | D:1      | Reached XP level 1. HP: 13/13 MP: 4/4
     5 | D:1      | WhatIsLove: what oyu mean shitty
     5 | D:1      | Chiseanne: the antennaes
     5 | D:1      | WhatIsLove: what would you prefer for monster parts:
     5 | D:1      | WhatIsLove: ?
     5 | D:1      | Chiseanne: manalink
     5 | D:1      | Chiseanne: powered by death
     5 | D:1      | WhatIsLove: it's different mutation slots
     5 | D:1      | Chiseanne: ah ok
     5 | D:1      | Chiseanne: no I dont like the monster parts for casters
     5 | D:1      | Chiseanne: they suck no matter wich
     5 | D:1      | WhatIsLove: you always get 1 monster part lol
     5 | D:1      | Chiseanne: yeah I know :-/
     5 | D:1      | WhatIsLove: i bet you enjoy them
     5 | D:1      | Chiseanne: feet peolly
     5 | D:1      | Chiseanne: prolly
     5 | D:1      | Chiseanne: or hands so cyou can get boots with running on them
     5 | D:1      | WhatIsLove: ah, lol
     5 | D:1      | Chiseanne: there are some good hats tho
     5 | D:1      | WhatIsLove: leg claws is a chei candidate
     5 | D:1      | Chiseanne: so no horns or antennaes if possible
     5 | D:1      | WhatIsLove: but i had stalker + antennaes
     5 | D:1      | WhatIsLove: AWESOME combo
     5 | D:1      | WhatIsLove: non the less
     5 | D:1      | Chiseanne: I had wizzies with clawhands sso thats ok ..I guess
     5 | D:1      | Chiseanne: the lesser of eveils
     5 | D:1      | Chiseanne: aye that combo is great
   131 | D:1      | Chiseanne: omg have you seenit? Trump is President of the united states now?
   131 | D:1      | WhatIsLove: when is the voting day
   131 | D:1      | Chiseanne: speaking of lesser of two evils lol
   131 | D:1      | Chiseanne: yesterday I think it was
   131 | D:1      | WhatIsLove: ahh
   131 | D:1      | WhatIsLove: really lol
   131 | D:1      | Chiseanne: isnt that disgusting?
   131 | D:1      | WhatIsLove: I don't know it's funny to me lol
   131 | D:1      | Chiseanne: that jerk as the head figure of such a country?
   131 | D:1      | WhatIsLove: he's an assclown lol
   131 | D:1      | Chiseanne: why is that funny?
   138 | D:1      | Chiseanne: lol true
   138 | D:1      | Chiseanne: he is such a jerk
   138 | D:1      | Chiseanne: there is not much going on in his head
   138 | D:1      | Chiseanne: and seriously Im asking myself if I should go for president next time!
   138 | D:1      | WhatIsLove: LoL, godspeed, America
   138 | D:1      | Chiseanne: I mean..he did it...
   138 | D:1      | Chiseanne: that says a lot about at least 50% of the people, right?
   167 | D:1      | WhatIsLove: are you an american?
   203 | D:1      | Chiseanne: born there..so yes
   404 | D:1      | Gained mutation: When seriously injured, your bleeding wounds create armour. (AC +0) [demonic ancestry]
   404 | D:1      | Reached XP level 2. HP: 12/19 MP: 1/6
   876 | D:1      | Reached XP level 3. HP: 14/24 MP: 1/8
  1323 | D:2      | WhatIsLove: freakin Trump messed up you demonspawn, damn.
  1341 | D:2      | Chiseanne: lets see what he is gonna mess up next lol
  1341 | D:2      | WhatIsLove: lol
  1341 | D:2      | Chiseanne: that looser bankrupted so many companies..casinos even! imagine that
  1341 | D:2      | WhatIsLove: I have no clue
  1341 | D:2      | WhatIsLove: lol
  1341 | D:2      | Chiseanne: the house always wins..but not his casinos lol
  1341 | D:2      | WhatIsLove: about him
  1341 | D:2      | WhatIsLove: i know he had some show
  1341 | D:2      | WhatIsLove: on tv
  1341 | D:2      | Chiseanne: he is a looser
  1341 | D:2      | Chiseanne: but luckily had a rich daddy
  1462 | D:2      | Chiseanne: as I heard hes not even a billionaire
  1482 | D:2      | Chiseanne: and never paid taxes
  1482 | D:2      | Chiseanne: now you know whats coming next in usa
  1482 | D:2      | Chiseanne: sad
  1553 | D:2      | Noticed Natasha
  1561 | D:2      | Killed Natasha
  1561 | D:2      | Reached XP level 4. HP: 23/30 MP: 0/9
  1624 | D:2      | Noticed Natasha
  1650 | D:2      | Killed Natasha
  1650 | D:2      | Reached skill level 4 in Spellcasting
  1706 | D:2      | Noticed Natasha
  1709 | D:2      | Killed Natasha
  1716 | D:2      | Chiseanne: hes gonna fuck up that country
  1716 | D:2      | WhatIsLove: just get some bitch to suck him in oval office and impeach him lol
  1716 | D:2      | Chiseanne: after that period of his legislature it will be bankrup
  1716 | D:2      | Chiseanne: haha
  1837 | D:2      | WhatIsLove: i see you are very upset about Trump
  1997 | D:2      | Chiseanne: well..it will affect our lives too
  1998 | D:2      | Chiseanne: not saying Hillary would be the better option tho lol
  1998 | D:2      | Chiseanne: the thing I really do not understand is
  1998 | D:2      | Chiseanne: in the pre elections there were Bernie Sanders
  1998 | D:2      | WhatIsLove: is why only 2 candidates lol
  1998 | D:2      | Chiseanne: a left progressive leftwinger
  1998 | D:2      | Chiseanne: but he didnt get the votes
  1998 | D:2      | Chiseanne: in usa there are so many poor working slaves
  1998 | D:2      | Chiseanne: he wanted to change a lot for them
  1998 | D:2      | Chiseanne: like free education
  1998 | D:2      | Chiseanne: you know..no more study loand depts and such
  1998 | D:2      | Chiseanne: why the heck didnt he get all the votes..like at least 75% of it ..I dont get it
  1998 | D:2      | Chiseanne: same here in germany
  1998 | D:2      | Chiseanne: we have Die Linke...left wing party
  1998 | D:2      | Chiseanne: trying to make it worth it agian to live here
  1998 | D:2      | Chiseanne: but no people hate them for being "socialists" and vote right...
  1998 | D:2      | Chiseanne: how stupid can you be?
  1998 | D:2      | Chiseanne: HOW STUPID
  1998 | D:2      | Chiseanne: ?
  1998 | D:2      | Chiseanne: thats what makes me upset
  1998 | D:2      | WhatIsLove: that's alot
  1998 | D:2      | Chiseanne: that what scares me that the people are so goddman stupid to make the same stupid mistakes over and over again not learning f,rom history
  1998 | D:2      | Chiseanne: did they never learn about Adolf Hitler? did they never read about the Roman Empire and its downfall?
  1998 | D:2      | Chiseanne: why are we going through all this shit over and over again?
  1998 | D:2      | Chiseanne: I dont get it...
  2084 | D:2      | WhatIsLove: I used to be in a german rune clan called "Bruderschaft der Klinge" or something like that lol
  2084 | D:2      | Chiseanne: yeah thats sounds somewhat right winded lol
  2091 | D:2      | Gained mutation: You have large cloven feet. [demonic ancestry]
  2091 | D:2      | Reached XP level 5. HP: 35/35 MP: 8/11
  2242 | D:2      | Noticed Jessica
  2247 | D:2      | Killed Jessica
  2399 | D:2      | Noticed Sigmund
  2420 | D:2      | Killed Sigmund
  2420 | D:2      | Reached skill level 5 in Spellcasting
  2420 | D:2      | Gained mutation: When seriously injured, your bleeding wounds create thick armour. (AC +0) [demonic ancestry]
  2420 | D:2      | Reached XP level 6. HP: 13/41 MP: 4/13
  2758 | D:3      | WhatIsLove: I don't like losing speed boots too
  2781 | D:3      | Chiseanne: nah
  2781 | D:3      | Chiseanne: hmm but I would take it as long as the other muts are good
  2781 | D:3      | Chiseanne: ok gonna kill hits guy and try again
  2781 | D:3      | WhatIsLove: let's discover
  2781 | D:3      | WhatIsLove: breeding
  2781 | D:3      | Chiseanne: ;-)
  2782 | D:3      | Chiseanne: meh
  2782 | D:3      | Chiseanne: I have to press ctrolq of course haha
  2782 | D:3      | Quit the game

Skill      XL: |  1  2  3  4  5 |
---------------+----------------+-----
Conjurations   | 2 3 4 |  4.6
Spellcasting   | 4 5 |  5.1
Dodging        | |  1.7
Stealth        | |  1.7
Summonings     | |  1.0
Translocations | |  0.8

Action                   |  1- 3 |  4- 6 || total
-------------------------+-------+-------++-------
Melee: Dagger            |    67 |       ||    67
       Whip              |       |    10 ||    10
       Kick              |       |     1 ||     1
 Cast: Magic Dart        |    62 |    93 ||   155
  Eat: Chunk             |     2 |     4 ||     6
Armor: Robe              |    30 |     5 ||    35
Dodge: Dodged            |    63 |    16 ||    79
